 Dungeon Crawl Stone Soup version 0.31.0-11-ge490571c62 (webtiles) character file.

Game seed: 13246443613476576671

506 qw the Shooter (level 6, -9/30 HPs)
             Began as a Spriggan Hunter on Feb 3, 2024.
             Was an Initiate of Okawaru.
             Mangled by a gnoll
             ... wielding a +0 halberd
              (12 damage)
             ... on level 4 of the Dungeon.
             The game lasted 00:00:18 (3661 turns).

qw the Shooter (Spriggan Hunter)                    Turns: 3661, Time: 00:00:18

Health: -9/30      AC:  2    Str:  7    XL:     6   Next: 97%
Magic:  6/6        EV: 22    Int: 11    God:    Okawaru [......]
Gold:   177        SH:  0    Dex: 20    Spells: 5/5 levels left

rFire   . . .        a - +0 shortbow (drain)
rCold   . . .        (shield currently unavailable)
rNeg    . . .        c - +0 robe
rPois   .            (helmet restricted)
rElec   .            (no cloak)
rCorr   .            (gloves unavailable)
SInv    +            (boots unavailable)
Will    +....        (no amulet)
Stlth   ++           (no ring)
HPRegen 0.25/turn    (no ring)
MPRegen 0.10/turn

%: no passive effects
@: very quick
A: very small, no large weapons, unfitting armour, see invisible, speed 3, low
MP 1
a: Renounce Religion


You were on level 4 of the Dungeon.
You worshipped Okawaru.
Okawaru was noncommittal.
You visited 2 branches of the dungeon, and saw 5 of its levels.
You also visited: Ossuary.

You collected 177 gold pieces.


Innate Abilities, Weirdness & Mutations

You are very small and have problems with some larger weapons.
You are too small for most types of armour.
You have supernaturally acute eyesight. (SInv)
You cover ground extremely quickly. (Speed+++)
Your magical capacity is low. (-10% MP)


   Skills:
 - Level 2.0 Fighting
 + Level 6.8 Ranged Weapons
 - Level 6.7 Dodging
 - Level 1.5 Stealth


You had 5 spell levels left.
You didn't know any spells.
Your spell library was empty.

Inventory:

Hand Weapons
 a - a +0 shortbow of draining (weapon)
Armour
 c - a +0 robe (worn)
Wands
 e - a wand of roots (12)
 i - a wand of quicksilver (9)
Potions
 b - 3 potions of mutation
 f - 2 potions of enlightenment
 g - 2 potions of curing
 h - a potion of haste {unknown}
 l - a potion of heal wounds {unknown}

Dungeon Overview and Level Annotations

Branches:
Dungeon (4/15)             Temple (1/1) D:4         Ossuary (visited)

Altars:
Ashenzari
Cheibriados
Dithmenos
Fedhas
Hepliaklqana
Nemelex Xobeh
Okawaru
Qazlal
Ru
Uskayaw
Wu Jian
Yredelemnul
Zin
The Shining One
Ignis

Shops:
D:1 !   D:3 =


Message History

You shoot an arrow. The arrow hits the kobold!
You kill the kobold!
Okawaru accepts your kill.
You open the door. 6 gnolls and 3 kobolds come into view.
A kobold is wielding a +0 dagger and quivering poisoned darts.
A gnoll is wielding a +2 whip of electrocution.
The kobold shouts!
The gnoll shouts!
The kobold shouts! x2; The gnoll shouts!
Found 116 gold pieces.
Enter note:
Enter note:
Enter note:
Enter note:
Enter note:
Enter note:
Enter note: You shoot an arrow.
The gnoll shouts! x2
The arrow hits the kobold.
You drain the kobold.
You kill the kobold!
Okawaru accepts your kill. The gnoll misses you.
You shoot an arrow. The arrow hits the gnoll.
You drain the gnoll.
The gnoll is moderately wounded.
The gnoll hits you from afar with a +0 halberd!
Ouch! That really hurt!
The gnoll barely misses you.
You shoot an arrow. The arrow hits the gnoll!
You drain the gnoll.
You kill the gnoll!
Okawaru accepts your kill. The gnoll completely misses you.
The gnoll misses you. The gnoll barely misses you. The gnoll misses you.
You shoot an arrow. The arrow hits the gnoll.
The gnoll is heavily wounded.
The gnoll misses you. The gnoll barely misses you.
The gnoll hits you from afar with a +0 halberd!
You shoot an arrow. The arrow hits the gnoll!
You kill the gnoll!
Okawaru accepts your kill.
The gnoll hits you from afar with a +0 halberd!
You die...

~..~...~~.~~~~.~..~.~~~~.~#
~~~~~~~~~~~~~~~~~~~~~~~~~~#
~~~~~~~~~~~~~~~~~~~~~~~~~~#
~~~~~~~~~~~~~~#####~~~~~~~#
###############$$$#~~~~~~~#
...## ##......#gKK#~~~~~~~#
(...###.......#ggg
)....#........##)#
)....#.........)@#
.....'...........#
.....#..........(#
.....#........##+#
....###.......# ...##
##......# #### ########


You could see 4 gnolls and 2 kobolds.

Vanquished Creatures
  An ogre (D:4)
  An elf zombie (Ossuary)
  A bullfrog (D:4)
  A jelly (D:4)
  An orc priest (D:3)
  3 hound zombies (Ossuary)
  3 adders (D:2)
  3 gnolls (D:4)
  3 adder zombies (Ossuary)
  A dart slug (D:3)
  3 ribbon worms
  3 orcs (D:3)
  4 ball pythons
  8 bats
  6 endoplasms
  3 giant cockroaches
  5 gnoll zombies (Ossuary)
  8 hobgoblins
  7 jackals (D:2)
  5 quokkas
  2 frilled lizards
  3 goblins
  4 jackal zombies (Ossuary)
  20 kobolds
  2 kobold zombies (Ossuary)
  2 orc zombies (Ossuary)
  2 quokka zombies (D:4)
  21 rats
126 creatures vanquished.

Notes
Turn   | Place    | Note
-------+----------+-------------------------------------------
     0 | D:1      | qw the Spriggan Hunter began the quest for the Orb.
     0 | D:1      | Reached XP level 1. HP: 10/10 MP: 2/2
     0 | D:1      | 0 ||| qw: Version: 0.3-a-157-g843a77d
     0 | D:1      | 0 ||| qw: Game counter: 3574
     0 | D:1      | 0 ||| qw: Melee chars always use a shield: true
     0 | D:1      | 0 ||| qw: God list: Okawaru
     0 | D:1      | 0 ||| qw: Allow faded altars: false
     0 | D:1      | 0 ||| qw: Do Orc after clearing Dungeon:15 true
     0 | D:1      | 0 ||| qw: Do second Lair branch before Depths: true
     0 | D:1      | 0 ||| qw: Lair rune preference: random
     0 | D:1      | 0 ||| qw: Goals: Normal
     0 | D:1      | 0 ||| PLANNING D:1-11
    45 | D:1      | Reached skill level 3 in Dodging
   150 | D:1      | Reached XP level 2. HP: 14/14 MP: 3/3
   409 | D:1      | You fall into a shaft and drop 1 floor!
   435 | D:2      | 435 ||| RETREEEEATING.
   436 | D:2      | 436 ||| RETREEEEATING.
   444 | D:2      | Reached XP level 3. HP: 18/18 MP: 4/4
   559 | D:2      | 559 ||| READING 2 scrolls labelled HIGIUZX NOKEME.
   563 | D:2      | 563 ||| READING scroll labelled FUARUA ICIABBI.
   563 | D:2      | 563 ||| BRANDING +0 shortbow.
   564 | D:2      | 564 ||| READING scroll labelled APROLO CEIGEM.
   692 | D:2      | 692 ||| READING scroll labelled YLIAKK MIGUCH.
   693 | D:2      | 693 ||| DROPPING scroll of butterflies.
   787 | D:1      | Found a faded altar of an unknown god.
   812 | D:1      | Found Ziut's Distillery.
   818 | D:1      | 818 ||| SHOPLISTING 2 potions of heal wounds (120 gold,
                  | have 11).
   818 | D:1      | 818 ||| SHOPLISTING potion of curing (36 gold, have 11).
   818 | D:1      | 818 ||| SHOPLISTING potion of enlightenment (60 gold, have
                  | 11).
   818 | D:1      | 818 ||| SHOPLISTING potion of haste (120 gold, have 11).
   818 | D:1      | 818 ||| SHOPLISTING potion of mutation (96 gold, have 11).
  1322 | D:2      | Reached XP level 4. HP: 20/22 MP: 5/5
  1441 | D:2      | 1441 ||| READING scroll labelled LIPHIE BOLUS.
  1442 | D:2      | 1442 ||| DRINKING 2 fuming white potions.
  1442 | D:2      | Gained mutation: Your magical capacity is low. (-10% MP)
                  | [potion of mutation]
  1478 | D:3      | Found a broken altar of Ashenzari.
  1479 | D:3      | Found Ilaurud's Jewellery Emporium.
  1502 | D:3      | 1502 ||| SHOPLISTING amulet of faith (560 gold, have 22).
  1502 | D:3      | 1502 ||| SHOPLISTING amulet of reflection (420 gold, have
                  | 22).
  1502 | D:3      | 1502 ||| SHOPLISTING dreamshard necklace {Acrobat *Dream}
                  | (2800 gold, have 22).
  1502 | D:3      | 1502 ||| SHOPLISTING ring "Asehu" {rCorr AC+4 Int+4} (798
                  | gold, have 22).
  1502 | D:3      | 1502 ||| SHOPLISTING ring of ice (350 gold, have 22).
  1502 | D:3      | 1502 ||| SHOPLISTING ring of protection from cold (350
                  | gold, have 22).
  1502 | D:3      | 1502 ||| SHOPLISTING ring of resist corrosion (280 gold,
                  | have 22).
  1983 | D:3      | Found a sacrificial altar of Ru.
  2154 | D:3      | 2154 ||| DROPPING amulet of magic regeneration.
  2155 | D:3      | 2155 ||| READING scroll labelled ETWOGU CABEOKH.
  2155 | D:3      | 2155 ||| IDENTIFYING fizzy silvery potion
  2156 | D:3      | 2156 ||| DRINKING 2 orange potions.
  2157 | D:3      | 2157 ||| DRINKING 2 ruby potions.
  2206 | D:3      | 2206 ||| DRINKING 2 brown potions.
  2207 | D:3      | 2207 ||| DROPPING potion of lignification.
  2208 | D:3      | 2208 ||| DROPPING potion of invisibility.
  2241 | D:4      | 2241 ||| PLANNING OSSUARY
  2250 | D:4      | Found a sand-covered staircase.
  2264 | Ossuary  | Entered an ossuary
  2273 | Ossuary  | Reached XP level 5. HP: 26/26 MP: 5/5
  2400 | Ossuary  | HP: 5/26 [elf zombie (2)]
  2401 | Ossuary  | 2401 ||| READING 2 scrolls of teleportation.
  2422 | Ossuary  | Reached skill level 6 in Ranged Weapons
  2422 | Ossuary  | Reached XP level 6. HP: 12/30 MP: 6/6
  2546 | D:4      | 2546 ||| PLANNING SEWER
  2578 | D:4      | Found a staircase to the Ecumenical Temple.
  2635 | D:4      | HP: 6/30 [ogre/+0 giant club (24)]
  2636 | D:4      | 2636 ||| READING scroll of teleportation.
  2638 | D:4      | Reached skill level 6 in Dodging
  2983 | D:4      | 2983 ||| READING scroll of brand weapon.
  2983 | D:4      | 2983 ||| BRANDING +0 shortbow of electrocution.
  3142 | D:4      | 3142 ||| RIP SEWER
  3158 | D:4      | 3158 ||| PLANNING TEMPLE
  3161 | D:4      | 3161 ||| READING scroll labelled CAYSEITASA.
  3287 | Temple   | Entered the Ecumenical Temple
  3288 | Temple   | 3288 ||| PLANNING OKAWARU WORSHIP
  3298 | Temple   | Became a worshipper of Warmaster Okawaru
  3299 | Temple   | 3299 ||| PLANNING D:1-11
  3660 | D:4      | HP: 2/30 [gnoll/+0 halberd (13)]
  3661 | D:4      | Mangled by a gnoll

Levels and vault maps discovered:
D:1:      wander_arrival_chamber, layout_loops_ring, basic_ecumenical_altar,
          serial_aquarium, aquarium_bridge_long_separate
          [aquarium_subvault_bridge, aquarium_subvault_wall,
          aquarium_subvault_window, aquarium_subvault_wall,
          aquarium_subvault_bridge, aquarium_subvault_bridge],
          aquarium_bridge_island_small [aquarium_subvault_small_water,
          aquarium_subvault_window, aquarium_subvault_bridge,
          aquarium_subvault_bridge, aquarium_subvault_window],
          aquarium_window_2, aquarium_window_corner, aquarium_window_1,
          aquarium_view_2c, aquarium_view_2f, aquarium_balcony_double_2,
          serial_shops, nicolae_shop_peninsula
D:2:      layout_basic
D:3:      layout_loops_ring, mainiacjoe_overflow_boulevard,
          nicolae_ru_awakened_eye, serial_shops, nicolae_shop_advertising_works
          [nicolae_subvault_shop_adworks]
D:4:      minmay_goblin_kobold_castle, layout_layer_cave,
          minmay_temple_entry_drinking_statues, enter_ossuary_4,
          gup_sewer_entry_spiral, minmay_rat_hole
Temple:   pdpol_scorched_temple

Skill      XL: |  1  2  3  4  5  6 |
---------------+-------------------+-----
Dodging        | 3 4 5 6 |  6.7
Ranged Weapons | 5 6 |  6.8
Fighting       | 2 |  2.0
Stealth        | |  1.5

Action                     |  1- 3 |  4- 6 || total
---------------------------+-------+-------++-------
   Fire: Shortbow          |   129 |   202 ||   331
    Use: Scroll            |     4 |     6 ||    10
         Potion            |       |     4 ||     4
 Armour: Robe              |    11 |    29 ||    40
  Dodge: Dodged            |    69 |    99 ||   168

Table legend:
 A = Non-vault XP
 B = Vault XP
 C = Vault XP percentage of total XP
 D = Non-vault monster count
 E = Vault monster count
 F = Vault count percentage of total count
                 A         B        C        D         E       F
            +---------+---------+-------+---------+---------+-------
      Total |     452 |     285 |  38.7 |      68 |      58 |  46.0
            +---------+---------+-------+---------+---------+-------
        D:1 |      28 |       0 |   0.0 |      16 |       0 |   0.0
        D:2 |      77 |       0 |   0.0 |      25 |       0 |   0.0
        D:3 |      84 |       0 |   0.0 |      20 |       0 |   0.0
        D:4 |     263 |      85 |  24.4 |       7 |      38 |  84.4
    Ossuary |       0 |     200 | 100.0 |       0 |      20 | 100.0
            +---------+---------+-------+---------+---------+-------
